 Dungeon Crawl Stone Soup version 0.31-a0-164-g2312942fda (webtiles) character file.

Game seed: 10768151479334658783

57 qw the Shooter (level 4, -1/39 HPs)
             Began as a Naga Hunter on June 13, 2023.
             Slain by a gnoll
             ... wielding a +1 whip of venom
              (9 damage)
             ... on level 2 of the Dungeon.
             The game lasted 00:00:19 (1025 turns).

qw the Shooter (Naga Hunter)                        Turns: 1025, Time: 00:00:20

Health: -1/39      AC:  2    Str: 13    XL:     4   Next: 0%
Magic:  4/4        EV:  9    Int: 10    God:
Gold:   67         SH:  0    Dex: 16    Spells: 3/3 levels left

rFire   . . .        Y - +0 shortbow
rCold   . . .        (shield currently unavailable)
rNeg    . . .        c - +0 leather armour
rPois   +            (no helmet)
rElec   .            (no cloak)
rCorr   .            (no gloves)
SInv    +            (no barding)
Will    .....        (no amulet)
Stlth   ++           (no ring)
HPRegen 0.26/turn    (no ring)
MPRegen 0.09/turn

%: no passive effects
@: lethally poisoned (-1 -> -4), short of breath, very slow
A: AC +1, large, see invisible, deformed body, poison resistance, slowness 2,
spit poison 1, naga tail 1
a: Spit Poison


You were on level 2 of the Dungeon.
You visited 1 branch of the dungeon, and saw 2 of its levels.

You collected 67 gold pieces.


Innate Abilities, Weirdness & Mutations

Your serpentine skin is tough. (AC +1)
You have supernaturally acute eyesight. (SInv)
Armour fits poorly on your strangely shaped body.
Your system is resistant to poisons. (rPois)
You cover ground very slowly.
You can spit poison.
You have a snake-like lower body.


   Skills:
 + Level 2.0 Fighting
 - Level 5.0 Ranged Weapons
 - Level 1.5 Dodging
 - Level 1.5 Stealth


You had 3 spell levels left.
You didn't know any spells.
Your spell library was empty.

Inventory:

Hand Weapons
 Y - a +0 shortbow (weapon)
Armour
 c - a +0 leather armour (worn)
Scrolls
 a - a scroll of fog {unknown}
 g - a scroll of identify
Potions
 b - a potion of attraction {unknown}
 d - a potion of enlightenment {unknown}
 e - a potion of lignification {unknown}
 f - 3 potions of curing {unknown}

Dungeon Overview and Level Annotations

Branches:
Dungeon (2/15)

Altars:

Shops:
D:1 ?


Message History

Enter note:
Enter note:
Enter note:
Enter note:
1018 ||| INVOKING Spit Poison.
Aiming: Spit Poison (2% risk of failure)
Press: ? - help, Shift-Dir - straight line, f - gnoll The splash of poison hits the gnoll!
The gnoll is poisoned.
The gnoll is heavily wounded.
You shoot an arrow.
The arrow hits the gnoll but does no damage.
The gnoll is severely wounded.
The gnoll closely misses you.
You shoot an arrow. The arrow hits the gnoll.
You kill the gnoll!
Your Ranged Weapons skill increases to level 5!
You have reached level 4!
You feel clever.
You shoot an arrow. The arrow barely misses the gnoll.
You shoot an arrow. The arrow barely misses the gnoll.
The gnoll hits you with a +1 whip of venom.
You are poisoned.
The gnoll hits you with a +1 whip of venom.
The gnoll barely misses you.
You shoot an arrow. The arrow hits the gnoll!
The gnoll is heavily wounded.
You have got your breath back.
You feel very sick. The gnoll hits you with a +0 whip!
The gnoll hits you with a +1 whip of venom.
1024 ||| INVOKING Spit Poison.
Aiming: Spit Poison (1% risk of failure)
Press: ? - help, Shift-Dir - straight line, f/p - gnoll The splash of poison hits the gnoll but does no damage.
The gnoll is heavily wounded.
You feel sick. The gnoll barely misses you.
The gnoll hits you with a +1 whip of venom.
You shoot an arrow. The arrow barely misses the gnoll.
You feel sick. The gnoll hits you with a +0 whip.
The gnoll hits you with a +1 whip of venom!
You die...

######.....#.#....
#....#.......#.###
#.##.#.......#.###
#.##.#.......#....
#.#..#...>...#####
#.##.#.......#....
#.......#.#.......
#............#....
#@##.##..)...#....
#.....gg##.##..<#..#....
#.########.##...#..##...
#####...........#####
#...............####
#..................#
#...........###.##.#
#...............##'##
#........#.######....


You could see 2 gnolls.

Vanquished Creatures
  A gnoll (D:2)
  2 adders (D:2)
  A worm (D:2)
  A dart slug (D:2)
  2 ball pythons (D:1)
  4 endoplasms
  3 goblins
  A hobgoblin (D:1)
  4 jackals (D:2)
  3 bats
  A rat (D:2)
23 creatures vanquished.

Notes
Turn   | Place    | Note
-------+----------+-------------------------------------------
     0 | D:1      | qw the Naga Hunter began the quest for the Orb.
     0 | D:1      | Reached XP level 1. HP: 19/19 MP: 1/1
     0 | D:1      | 0 ||| qw: Version: 0.2-a-29-gc1b59c4
     0 | D:1      | 0 ||| qw: Game counter: 4508
     0 | D:1      | 0 ||| qw: Always use a shield: true
     0 | D:1      | 0 ||| qw: God list: Okawaru
     0 | D:1      | 0 ||| qw: Allow faded altars: false
     0 | D:1      | 0 ||| qw: Do Orc after D:15 true
     0 | D:1      | 0 ||| qw: Do second Lair branch before Depths: true
     0 | D:1      | 0 ||| qw: Lair rune preference: random
     0 | D:1      | 0 ||| qw: Plans: Normal
     0 | D:1      | 0 ||| PLANNING D:1-11
    94 | D:1      | 94 ||| INVOKING Spit Poison.
   170 | D:1      | 170 ||| INVOKING Spit Poison.
   213 | D:1      | 213 ||| INVOKING Spit Poison.
   214 | D:1      | Reached skill level 4 in Ranged Weapons
   214 | D:1      | Reached XP level 2. HP: 26/26 MP: 2/2
   250 | D:1      | Found Locvapra's Magic Scroll Emporium.
   254 | D:1      | 254 ||| SHOPLISTING scroll of identify (28 gold, have 17).
   254 | D:1      | 254 ||| SHOPLISTING scroll of teleportation (42 gold, have
                  | 17).
   423 | D:1      | Found a faded altar of an unknown god.
   566 | D:1      | 566 ||| INVOKING Spit Poison.
   639 | D:1      | 639 ||| READING scroll labelled JUCAEWNAKHLE.
   640 | D:1      | 640 ||| READING scroll labelled MOUGAI AWUTUNT.
   641 | D:1      | 641 ||| READING scroll labelled UQINEKK MOFFUG.
   644 | D:1      | 644 ||| DROPPING scroll of butterflies.
   662 | D:2      | 662 ||| INVOKING Spit Poison.
   665 | D:2      | 665 ||| INVOKING Spit Poison.
   714 | D:2      | 714 ||| INVOKING Spit Poison.
   715 | D:2      | 715 ||| INVOKING Spit Poison.
   718 | D:2      | 718 ||| INVOKING Spit Poison.
   721 | D:2      | Reached XP level 3. HP: 32/32 MP: 3/3
   728 | D:2      | 728 ||| INVOKING Spit Poison.
   735 | D:2      | 735 ||| INVOKING Spit Poison.
   739 | D:2      | 739 ||| INVOKING Spit Poison.
   817 | D:2      | 817 ||| INVOKING Spit Poison.
   823 | D:2      | 823 ||| INVOKING Spit Poison.
   916 | D:2      | 916 ||| INVOKING Spit Poison.
   921 | D:2      | 921 ||| INVOKING Spit Poison.
   924 | D:2      | 924 ||| INVOKING Spit Poison.
  1018 | D:2      | 1018 ||| INVOKING Spit Poison.
  1021 | D:2      | Reached skill level 5 in Ranged Weapons
  1021 | D:2      | Reached XP level 4. HP: 39/39 MP: 4/4
  1024 | D:2      | 1024 ||| INVOKING Spit Poison.
  1025 | D:2      | HP: 9/39 [poisoned by a gnoll]
  1025 | D:2      | Slain by a gnoll

Levels and vault maps discovered:
D:1:      dpeg_arrival_pits, layout_loops_ring,
          hellmonk_ecumenical_altar_inner_sanctum, serial_shops,
          nicolae_shop_back_alley_shop
D:2:      layout_basic, minmay_tiny_reverse_x, uniq_crazy_yiuf_cottage

Skill      XL: |  1  2  3 |
---------------+----------+-----
Ranged Weapons | 4 5 |  5.0
Fighting       | |  2.0
Dodging        | |  1.5
Stealth        | |  1.5

Action                     |  1- 3 |  4- 6 || total
---------------------------+-------+-------++-------
   Fire: Shortbow          |    51 |     4 ||    55
Ability: Spit Poison       |    17 |     1 ||    18
    Use: Scroll            |     3 |       ||     3
 Armour: Leather armour    |     5 |       ||     5
  Dodge: Dodged            |     8 |     2 ||    10

Table legend:
 A = Non-vault XP
 B = Vault XP
 C = Vault XP percentage of total XP
 D = Non-vault monster count
 E = Vault monster count
 F = Vault count percentage of total count
                 A         B        C        D         E       F
            +---------+---------+-------+---------+---------+-------
      Total |      76 |       6 |   7.3 |      21 |       2 |   8.7
            +---------+---------+-------+---------+---------+-------
        D:1 |      14 |       0 |   0.0 |       8 |       0 |   0.0
        D:2 |      62 |       6 |   8.8 |      13 |       2 |  13.3
            +---------+---------+-------+---------+---------+-------
